 Dungeon Crawl Stone Soup version 0.19-a0-1670-gc28a5d9 (webtiles) character file.

207 Psiweapon the Chopper (level 5, 0/46 HPs)
             Began as a Hill Orc Fighter on Sept 22, 2016.
             Slain by a bullfrog (4 damage)
             ... in a sewer.
             The game lasted 00:09:39 (2773 turns).

Psiweapon the Chopper (Hill Orc Fighter)            Turns: 2773, Time: 00:09:40

Health: 0/46       AC:  7    Str: 25    XL:     5   Next: 85%
Magic:  5/5        EV:  5    Int:  8    God:
Gold:   162        SH: 10    Dex: 10    Spells: 0 memorised, 4 levels left

rFire  . . .     SeeInvis .     a - +0 war axe
rCold  . . .     Gourm    .     b - +0 scale mail
rNeg   . . .     Faith    .     c - +0 shield
rPois  .         Spirit   .     (no helmet)
rElec  .         Dismiss  .     (no cloak)
rCorr  +         Reflect  .     (no gloves)
MR     .....     Harm     .     (no boots)
Stlth  ..........               (no amulet)
                                (no ring)
                                u - ring of resist corrosion

@: mighty, lethally poisoned (0 -> -6), constricted
A: no striking features
a: no special abilities


You were in a sewer.
You were hungry.

You visited 1 branch of the dungeon, and saw 6 of its levels.
You also visited: Sewer.

You collected 162 gold pieces.

Inventory:

Hand Weapons
 a - a +0 war axe (weapon)
 i - a +0 hunting sling
 r - a +0 vampiric spear
 E - a cursed -1 dagger
Missiles
 h - 54 stones (quivered)
 m - a throwing net
 y - 50 bolts
 H - 23 sling bullets
 I - 3 tomahawks
Armour
 b - a +0 scale mail (worn)
 c - a +0 shield (worn)
 g - a +2 buckler
Jewellery
 u - a ring of resist corrosion (left hand)
Scrolls
 e - a scroll of identify
 j - a scroll of amnesia {unknown}
 n - 2 scrolls of recharging {unknown}
 o - 6 scrolls of teleportation
 p - a scroll of noise {unknown}
 v - a scroll of immolation {unknown}
 w - a scroll of magic mapping {unknown}
 G - a scroll of blinking {unknown}
 J - a scroll of fog {unknown}
Potions
 d - 2 potions of might
 l - a potion of ambrosia {unknown}
 t - 2 potions of heal wounds
 z - a potion of haste {unknown}
 A - a potion of mutation {unknown}
 B - a potion of agility {unknown}
 C - 3 potions of magic {unknown}
 D - a potion of cancellation {unknown}
 F - 2 potions of curing {unknown}
Books
 s - a book of Fire

   Spells                             Type                      Level
   a - Ignite Poison                  Fire/Transmutation/Poison    3
   b - Fireball                       Conjuration/Fire             5
   c - Bolt of Fire                   Conjuration/Fire             6
   d - Delayed Fireball               Conjuration/Fire             7
   e - Ring of Flames                 Charms/Fire                  7
Comestibles
 f - 3 bread rations
 k - 16 chunks of flesh
 q - a beef jerky
 x - a royal jelly


   Skills:
 + Level 4.2 Fighting
 + Level 6.0 Axes
 + Level 3.8 Armour
 + Level 0.7 Dodging
 + Level 4.1 Shields


You had 4 spell levels left.
You didn't know any spells.

Dungeon Overview and Level Annotations

Branches:
Dungeon (6/15)
 Temple: D:4-7

Altars:
Elyvilon
Sif Muna
Trog


Message History

The adder poisons you! The adder bites you but does no damage.
The ball python bites you but does no damage.
The ball python constricts you. The bullfrog hits you.
The ball python bites you but does no damage.
Your unstable footing causes you to fumble your attack.
You feel sick. The bullfrog hits you!
* * * LOW HITPOINT WARNING * * *
You block the ball python's attack.
The ball python bites you but does no damage.
You block the adder's attack. The adder bites you but does no damage.
The bullfrog barely misses you.
The ball python bites you but does no damage.
The ball python constricts you.
The ball python bites you but does no damage.
The bullfrog hits you.
* * * LOW HITPOINT WARNING * * *
The ball python bites you but does no damage.
You block the ball python's attack. The adder bites you but does no damage.
The adder barely misses you. The bullfrog hits you.
You die...

÷.≈.≈#
#..##≈.≈≈.≈#
≈≈≈≈≈#
#####≈≈≈≈≈≈#
≈≈≈≈≈#
#≈≈≈≈≈≈#
≈≈≈≈≈#
#≈≈≈≈≈≈#
≈≈≈≈≈#
#≈≈≈≈≈≈#
≈÷÷≈≈#
#≈≈≈≈≈≈#
.≈..≈#
#≈≈≈≈≈≈#
....≈#
#≈≈SSS≈#
...≈≈#
#≈≈S@FS#
≈.≈≈≈#
#≈≈SSF≈#
≈≈≈≈≈#
#≈≈≈S≈≈#
≈≈≈≈≈#
#≈≈≈≈≈≈#
≈≈≈≈≈#
#≈≈≈≈≈≈#
≈≈≈≈≈#
#≈≈≈≈≈≈#
≈≈≈≈≈#
#≈≈≈≈≈≈#
≈≈≈≈≈#
#≈≈≈≈≈≈#
≈≈≈≈≈#
#≈≈≈≈≈≈#


You could see 2 bullfrogs, 2 adders and 6 ball pythons.

Vanquished Creatures
  8 adders
  4 river rats
  A worm (D:2)
  3 dart slugs
  A leopard gecko (D:4)
  An orc (D:3)
  6 ball pythons
  A giant cockroach (D:2)
  7 goblins
  7 hobgoblins
  6 jackals
  5 kobolds
  4 quokkas
  6 bats
  7 frilled lizards
  35 rats
102 creatures vanquished.

Notes
Turn   | Place    | Note
-------+----------+-------------------------------------------
     0 | D:1      | Psiweapon the Hill Orc Fighter began the quest for the Orb.
     0 | D:1      | Reached XP level 1. HP: 19/19 MP: 1/1
   164 | D:2      | Reached XP level 2. HP: 21/27 MP: 2/2
   211 | D:2      | Found a deep blue altar of Sif Muna.
   212 | D:2      | Found a white marble altar of Elyvilon.
   252 | D:2      | Reached skill level 3 in Axes
   355 | D:3      | Found a bloodstained altar of Trog.
   472 | D:1      | Reached XP level 3. HP: 30/33 MP: 3/3
  1090 | D:1      | Reached skill level 4 in Axes
  1330 | D:2      | Reached XP level 4. HP: 40/40 MP: 4/4
  2022 | D:3      | Found a faded altar of an unknown god.
  2059 | D:5      | Entered Level 5 of the Dungeon
  2087 | D:6      | Noticed an ogre
  2153 | D:4      | Found a glowing drain.
  2167 | D:4      | Reached skill level 5 in Axes
  2167 | D:4      | Reached XP level 5. HP: 20/46 MP: 5/5
  2174 | Sewer    | Entered a sewer
  2729 | Sewer    | Reached skill level 6 in Axes
  2773 | Sewer    | Slain by a bullfrog

Vault maps used:
D:1:      sevenhm_arrival_forest_fort_small_6
D:2:      gammafunk_temple_overflow_statue
D:3:      grunt_temple_overflow_opulence, nicolae_overflow_crystal_walls,
          first_bread, ecumenical_altar_2
D:4:      portal_sewer_entry_c
D:5:      yredelemnul_altar_generic, basic_altar, uniq_edmund
D:6:      zin_statuary, lemuel_doored_altar, grunt_ministairs_1,
          uniq_crazy_yiuf_cottage
Sewer:    sewer_minmay_w

Skill      XL: |  1  2  3  4  5 |
---------------+----------------+-----
Axes           | 3 4 5 6 |  6.0
Fighting       | 4 |  4.2
Shields        | 4 |  4.1
Armour         | |  3.8
Dodging        | |  0.7

Action                   |  1- 3 |  4- 6 || total
-------------------------+-------+-------++-------
Melee: War axe           |   119 |   126 ||   245
  Use: Scroll            |       |     4 ||     4
       Potion            |       |     1 ||     1
  Eat: Chunk             |     1 |     5 ||     6
Armor: Scale mail        |    51 |    77 ||   128
Dodge: Dodged            |    33 |    83 ||   116
Block: Shield            |    61 |    91 ||   152
